 Dungeon Crawl Stone Soup version 0.32-a0-673-g3729bd50f8 (webtiles) character file.

Game seed: 8578544039227991087

2274 funkygono the Thaumaturge (level 9, -4/47 HPs)
             Began as a Deep Elf Fire Elementalist on Mar 10, 2024.
             Was a Follower of Sif Muna.
             Slain by a yak (14 damage)
             ... on level 8 of the Dungeon.
             The game lasted 00:14:54 (8646 turns).

funkygono the Thaumaturge (DEFE)                    Turns: 8646, Time: 00:14:54

Health: -4/47      AC:  6    Str:  5    XL:     9   Next: 16%
Magic:  34/34      EV: 13    Int: 25    God:    Sif Muna [*.....]
Gold:   376        SH:  0    Dex: 15    Spells: 17/28 levels left

rFire   . . .        q - +2 short sword (flame)
rCold   . . .        (no shield)
rNeg    . . .        a - +0 robe
rPois   .            z - +1 helmet
rElec   .            (no cloak)
rCorr   .            c - +1 pair of gloves
SInv    .            (no boots)
Will    .....        (no amulet)
Stlth   ++           s - ring of magical power
HPRegen 0.27/turn    (no ring)
MPRegen 0.24/turn

%: no passive effects
@: no status effects
A: no striking features
a: Renounce Religion, Channel Magic


You were on level 8 of the Dungeon.
You worshipped Sif Muna.
Sif Muna was aware of your devotion.
You visited 2 branches of the dungeon, and saw 9 of its levels.

You collected 443 gold pieces.
You spent 67 gold pieces at shops.

Inventory:

Hand Weapons
 q - a +2 short sword of flaming (weapon)
 C - a +0 quarterstaff
Missiles
 t - 2 throwing nets
Armour
 a - a +0 robe (worn)
 c - a +1 pair of gloves (worn)
 z - a +1 helmet (worn)
Magical Staves
 p - a staff of cold
Jewellery
 s - a ring of magical power (left hand)
Talismans
 w - a beast talisman
 B - a storm talisman
Wands
 h - a wand of iceblast (20)
 n - a wand of flame (35)
 y - a wand of digging (6)
Scrolls
 e - a scroll of fear
 g - 4 scrolls of immolation
 i - 2 scrolls of amnesia
 k - a scroll of blinking
 m - a scroll of fog
 u - 2 scrolls of teleportation
Potions
 b - a potion of magic
 d - a potion of cancellation
 f - 3 potions of heal wounds
 j - a potion of enlightenment
 l - a potion of attraction
 o - a potion of brilliance
 r - a potion of resistance {unknown}
 v - a potion of curing {unknown}
 x - 2 potions of ambrosia {unknown}


   Skills:
 + Level 1.2 Fighting
 + Level 3.4 Dodging
 + Level 3.6 Stealth
 + Level 10.0 Spellcasting
 + Level 4.9 Conjurations
 + Level 9.3 Fire Magic


You had 17 spell levels left.
You knew the following spells:

 Your Spells              Type           Power      Damage    Failure   Level
a - Foxfire               Conj/Fire      100%       2x1d9     1%          1
b - Scorch                Fire           100%       2d9       1%          2
c - Volatile Blastmotes   Fire/Tloc      70%        2d15      2%          3
d - Flame Wave            Conj/Fire      48%        2d12      2%          4
e - Sting                 Conj/Alch      100%       1d9       1%          1

Your spell library contained the following spells:

 Spells                   Type           Power      Damage    Failure   Level
 Inner Flame              Hex/Fire       35%        N/A       2%          3
 Apportation              Tloc           24%        N/A       4%          1
 Necrotise                Necr           48%        1d6       4%          1
 Slow                     Hex            48%        N/A       4%          1
 Summon Small Mammal      Summ           48%        N/A       4%          1
 Confusing Touch          Hex            12%        N/A       14%         3
 Sigil of Binding         Hex            12%        N/A       14%         3
 Vampiric Draining        Necr           12%        2d6       14%         3
 Iskenderun's Battlesphe  Conj           37%        2d9       19%         5
 Bombard                  Conj/Erth      12%        9d3       95%         6
 Sculpt Simulacrum        Ice/Alch       6%         N/A       100%        6
 Haunt                    Necr/Summ      6%         N/A       100%        7
 Ozocubu's Refrigeration  Ice            6%         4d8       100%        7
 Spellforged Servitor     Conj/Summ      12%        N/A       100%        7
 Borgnjor's Revivificati  Necr           6%         N/A       100%        8
 Death's Door             Necr           6%         N/A       100%        9
 Polar Vortex             Ice            6%         N/A       100%        9


Dungeon Overview and Level Annotations

Branches:
Dungeon (8/15)             Temple (1/1) D:7
   Lair: D:8-11

Altars:
Ashenzari
Cheibriados
Elyvilon
Fedhas
Hepliaklqana
Makhleb
Nemelex Xobeh
Okawaru
Ru
Sif Muna
Trog
Uskayaw
Vehumet
Xom
Yredelemnul
Zin
The Shining One

Shops:
D:6 (![


Message History

The foxfire hits the yak!
The yak is heavily wounded.
A yak comes into view.
Casting: Foxfire (safe; 1% risk of failure)
Confirm with . or Enter, or press ? or * to list all spells.
You conjure some foxfire!
The yak bellows!
The foxfire hits the yak but does no damage.
The yak is heavily wounded.
The foxfire hits the yak.
The yak is heavily wounded.
The foxfire hits the yak!
The yak is severely wounded.
The foxfire hits the yak.
The yak is heavily wounded.
There is a stone staircase leading up here.
The yak barely misses you.
You climb upwards.
There is a stone staircase leading down here.
Casting: Foxfire (safe; 1% risk of failure)
Confirm with . or Enter, or press ? or * to list all spells.
You conjure some foxfire!
The yak gores you.
Casting: Foxfire (safe; 1% risk of failure)
Confirm with . or Enter, or press ? or * to list all spells.
Flames lash the yak.
You kill the yak!
Sif Muna accepts your kill.
Your Spellcasting skill increases to level 10!
Unknown command.
Your foxfire dissipates! x2
HP restored.
Magic restored.
Done exploring.
You climb downwards.
The yak gores you! The yak completely misses you. The yak barely misses you.
The yak gores you! x2
There is a stone staircase leading up, spattered with blood here.
The yak gores you.
* * * LOW HITPOINT WARNING * * *
The yak gores you!
You die...

...........#
...........##
............
.......(...#
...........#
...........#
:..........##### .
.......Y..##.#.#..
.......@..........
......YYY...[.##..
...........[[[....
............<.....
..........$.......
..#...............
####..............
.....#..........
....###..#......


You could see 4 yaks.

Vanquished Creatures
  A yak (D:7)
  2 steam dragons
  2 water moccasins
  An orc warrior (D:6)
  A black bear (D:6)
  A phantom (D:6)
  A kobold brigand (D:4)
  A bullfrog (D:6)
  A scorpion (D:6)
  4 killer bees (D:6)
  4 howler monkeys
  2 hounds
  A jelly (D:5)
  5 orc priests
  A sleepcap (D:5)
  Jessica (D:2)
  5 iguanas
  Natasha (D:2)
  9 orc wizards
  3 gnolls (D:6)
  4 adders
  A shadow imp (D:6)
  A white imp (D:5)
  4 ufetubi
  A ribbon worm (D:3)
  3 dart slugs
  31 orcs
  A ball python (D:4)
  5 endoplasms
  2 giant cockroaches
  A goblin (D:1)
  5 hobgoblins
  3 jackals (D:1)
  A quokka (D:4)
  6 bats
  4 frilled lizards
  17 kobolds
  4 rats
141 creatures vanquished.

Vanquished Creatures (others)
  An orc (D:5)
  476 foxfires
477 creatures vanquished.

Grand Total: 618 creatures vanquished

Notes
Turn   | Place    | Note
-------+----------+-------------------------------------------
     0 | D:1      | funkygono the Deep Elf Fire Elementalist began the quest
                  | for the Orb.
     0 | D:1      | Reached XP level 1. HP: 10/10 MP: 6/6
   327 | D:1      | Reached XP level 2. HP: 14/15 MP: 4/8
   634 | D:1      | Found a faded altar of an unknown god.
  1305 | D:2      | Learned a level 2 spell: Scorch
  1326 | D:2      | Reached XP level 3. HP: 10/19 MP: 0/9
  1551 | D:2      | Noticed Natasha
  1561 | D:2      | Killed Natasha
  2150 | D:2      | Reached skill level 4 in Spellcasting
  2150 | D:2      | Reached XP level 4. HP: 24/24 MP: 9/12
  2160 | D:2      | Learned a level 3 spell: Volatile Blastmotes
  2165 | D:2      | Learned a level 4 spell: Flame Wave
  2247 | D:2      | Noticed Jessica
  2252 | D:2      | Killed Jessica
  2253 | D:2      | Reached skill level 1 in Fighting
  2608 | D:3      | Reached XP level 5. HP: 29/29 MP: 10/13
  2903 | D:3      | Found a hide-covered altar of Uskayaw.
  2905 | D:3      | Found a snail-covered altar of Cheibriados.
  3100 | D:3      | Found an iron altar of Okawaru.
  3250 | D:4      | Reached skill level 5 in Fire Magic
  3884 | D:4      | Found a broken altar of Ashenzari.
  3971 | D:4      | Reached skill level 5 in Spellcasting
  3971 | D:4      | Reached XP level 6. HP: 34/34 MP: 7/15
  4245 | D:4      | Learned a level 1 spell: Sting
  4287 | D:5      | Entered Level 5 of the Dungeon
  4374 | D:5      | Noticed a steam dragon
  4828 | D:5      | Killed a steam dragon
  4829 | D:5      | Reached skill level 6 in Spellcasting
  4829 | D:5      | Reached XP level 7. HP: 3/38 MP: 14/18
  5760 | D:6      | Reached skill level 7 in Spellcasting
  5966 | D:6      | Found Bofumpop's Distillery.
  6083 | D:6      | Found Wyfiupn's Weapon Shoppe.
  6095 | D:6      | Reached XP level 8. HP: 43/43 MP: 21/21
  6156 | D:6      | Reached skill level 8 in Spellcasting
  6400 | D:6      | Found Beschagg's Armour Shoppe.
  6406 | D:6      | Bought a +0 helmet for 67 gold pieces
  6725 | D:6      | Reached skill level 9 in Spellcasting
  7270 | D:7      | Found a glowing silver altar of Zin.
  7659 | D:7      | Found a staircase to the Ecumenical Temple.
  7666 | Temple   | Entered the Ecumenical Temple
  7682 | Temple   | Became a worshipper of Sif Muna the Loreminder
  8294 | D:7      | Reached XP level 9. HP: 47/47 MP: 24/24
  8546 | D:8      | Reached * piety under Sif Muna
  8612 | D:7      | Reached skill level 10 in Spellcasting
  8646 | D:8      | Slain by a yak

Illustrated notes

Levels and vault maps discovered:
D:1:      dpeg_arrival_central, layout_basic, basic_ecumenical_altar
D:2:      layout_basic, uniq_natasha, uniq_jessica
D:3:      layout_basic, nicolae_overflow_hidden_temple
D:4:      layout_basic, cheibrodos_ashenzari_chains, lexackson_kobold_supper
D:5:      layout_basic, serial_co_window_serial, co_window_paths_a,
          co_window_paths_b, co_window_paths_a, co_window_paths_a,
          co_window_paths_a, co_window_unsneaky_path_e, co_window_cross_2,
          co_window_paths_c, co_window_paths_e, co_window_4corner_a,
          glass_columns_a, glass_columns_a, glass_columns_a, glass_columns_a
D:6:      layout_basic, serial_shops, shop, kennysheep_little_box,
          nicolae_shop_pleasant_corner_grove, lightli_orcish_oven
D:7:      layout_basic, mainiacjoe_overflow_small_starburst, temple_green,
          serial_library_hellmonk_room_a, amcnicky_mini_pool_small
D:8:      layout_cave_pools, nicolae_wu_jian_immortal_techniques
Temple:   hc_temple_tempest_star

Skill      XL: |  1  2  3  4  5  6  7  8  9 |
---------------+----------------------------+-----
Fire Magic     | 4 5 6 7 9 |  9.3
Stealth        | 3 |  3.6
Spellcasting   | 4 5 6 7 9 10 | 10.0
Fighting       | 1 |  1.2
Conjurations   | 2 3 4 |  4.9
Dodging        | 3 |  3.4

Action                     |  1- 3 |  4- 6 |  7- 9 || total
---------------------------+-------+-------+-------++-------
  Melee: Short sword       |     5 |       |     2 ||     7
   Cast: Foxfire           |    56 |    81 |   141 ||   278
         Scorch            |     2 |    23 |    42 ||    67
    Use: Scroll            |       |    13 |     4 ||    17
 Armour: Robe              |     5 |    14 |    26 ||    45
  Dodge: Dodged            |    12 |    10 |    15 ||    37
         Form:             |       |       |     4 ||     4
         Beast             |       |       |     4 ||     4

Table legend: (Time is in decaauts)
 A = Elapsed time spent in this place.
 B = Non-inter-level travel time spent in this place.
 C = Inter-level travel time spent in this place.
 D = Time resting spent in this place.
 E = Time spent auto-exploring this place.
 F = Levels seen in this place.
 G = Mean time per level.
                   A        B        C        D        E       F      G
               +--------+--------+--------+--------+--------+-----+--------+
         Total |   8644 |   8346 |    298 |    228 |   7022 |   9 |  960.4 |
       Dungeon |   8611 |   8330 |    281 |    228 |   7022 |   8 | 1076.4 |
        Temple |     32 |     16 |     16 |      0 |      0 |   1 |   32.0 |
               +--------+--------+--------+--------+--------+-----+--------+

Top non-repeatable levels by time:
     D:6: 1495 daAuts
     D:5: 1462 daAuts
     D:7: 1282 daAuts
     D:1: 1252 daAuts
     D:2: 1223 daAuts
     D:4: 1088 daAuts
     D:3: 720 daAuts
     D:8: 85 daAuts
  Temple: 32 daAuts
